 Dungeon Crawl Stone Soup version 0.29-a0-344-ge2f44be95a (webtiles) character file.

Game seed: 12807713097914649915

23 Hubjo the Ducker (level 2, 0/18 HPs)
             Began as a Deep Elf Monk on Apr 21, 2022.
             Slain by a gnoll
             ... wielding a +0 whip
              (8 damage)
             ... on level 2 of the Dungeon.
             The game lasted 00:02:14 (1572 turns).

Hubjo the Ducker (Deep Elf Monk)                    Turns: 1572, Time: 00:02:14

Health: 0/18       AC:  2    Str:  8    XL:     2   Next: 72%
Magic:  6/6        EV: 13    Int: 14    God:
Gold:   88         SH:  0    Dex: 17    Spells: 3/3 levels left

rFire   . . .      SeeInvis .   a - +2 short sword
rCold   . . .      Faith    +   (no shield)
rNeg    . . .      Spirit   .   b - +0 robe
rPois   .          Reflect  .   (no helmet)
rElec   .          Harm     .   (no cloak)
rCorr   .          Rampage  .   (no gloves)
Will    .....                   (no boots)
Stlth   +++.......              j - amulet of faith
HPRegen 0.06/turn               (no ring)
MPRegen 0.10/turn               (no ring)

@: no status effects
A: no striking features
a: no special abilities


You were on level 2 of the Dungeon.
You visited 1 branch of the dungeon, and saw 2 of its levels.

You collected 88 gold pieces.

Inventory:

Hand Weapons
 a - a +2 short sword (weapon)
Missiles
 h - 5 javelins (quivered)
Armour
 b - a +0 robe (worn)
Jewellery
 j - an amulet of faith (around neck)
Scrolls
 f - a scroll of amnesia {unknown}
 m - a scroll of fear
 n - a scroll of enchant armour {unknown}
 o - a scroll of teleportation {unknown}
Potions
 c - a potion of ambrosia
 g - a potion of brilliance {unknown}
 k - a potion of magic {unknown}
 l - a potion of resistance {unknown}
 p - a potion of attraction {unknown}


   Skills:
 + Level 2.6 Fighting
 - Level 3.0 Short Blades
 - Level 3.6 Dodging
 * Level 3.5 Stealth
 + Level 1.4 Spellcasting


You had 3 spell levels left.
You didn't know any spells.
Your spell library contained the following spells:

 Spells                   Type           Power      Damage    Failure   Level
 Scorch                   Fire           0%         2d5       36%         2
 Flame Wave               Conj/Fire      0%         2d4       94%         4
 Summon Cactus Giant      Summ           0%         N/A       100%        6


Dungeon Overview and Level Annotations

Branches:
Dungeon (2/15)

Altars:

Shops:
D:1 [


Message History

You completely miss the endoplasm. The endoplasm freezes you.
You are frozen.
You hit the endoplasm.
The endoplasm is lightly wounded.
The endoplasm freezes you.
You are frozen.
You hit the endoplasm.
The endoplasm is almost dead.
The endoplasm freezes you.
You are frozen.
You are too injured to fight recklessly!
You are too injured to fight recklessly!
You are too injured to fight recklessly!
You are too injured to fight recklessly!
You are too injured to fight recklessly!
You are too injured to fight recklessly!
You are too injured to fight recklessly!
You are too injured to fight recklessly!
You are too injured to fight recklessly!
You hit the endoplasm.
You kill the endoplasm!
You feel better. The gnoll hits you with a +0 whip.
As you read the scroll labelled GAGGEH MISYASS, it crumbles to dust.
It is a scroll of enchant weapon.
Your +0 short sword glows red for a moment.
The gnoll misses you.
As you read the scroll of enchant weapon, it crumbles to dust.
Your +1 short sword glows red for a moment.
The gnoll barely misses you.
You barely miss the gnoll. The gnoll barely misses you.
You closely miss the gnoll. The gnoll hits you with a +0 whip.
You hit the gnoll.
The gnoll is lightly wounded.
You feel better. The gnoll hits you with a +0 whip.
As you read the scroll labelled UWOISH MODD, it crumbles to dust.
It is a scroll of identify.
m - a scroll of fear The gnoll hits you with a +0 whip!
You die...

# #.#..# # #.#.. #
..... # #.#.# #
#.#.# # ######.#.#
########.[......#
.........#####..##
#######..# #..@# #
#..# #...g...# #
#.<# #...##### #
##.# #..## # #..
...# # #### .....
. ..#### #..


You could see a gnoll.

Vanquished Creatures
  2 bats
  3 endoplasms
  2 hobgoblins
  2 jackals (D:2)
  2 ball pythons (D:1)
  A frilled lizard (D:1)
  3 goblins
  3 kobolds
  3 rats
21 creatures vanquished.

Vanquished Creatures (others)
  10 plants (D:2)
10 creatures vanquished.

Grand Total: 31 creatures vanquished

Notes
Turn   | Place    | Note
-------+----------+-------------------------------------------
     0 | D:1      | Hubjo the Deep Elf Monk began the quest for the Orb.
     0 | D:1      | Reached XP level 1. HP: 13/13 MP: 3/3
   597 | D:1      | Found Fykhlog's Antique Armour Emporium.
   801 | D:1      | Reached skill level 1 in Spellcasting
   801 | D:1      | Reached XP level 2. HP: 18/18 MP: 5/5
  1108 | D:1      | Found a faded altar of an unknown god.
  1572 | D:2      | Slain by a gnoll

Illustrated notes

Levels and vault maps discovered:
D:1:      ncdulo_watergridlock, layout_loops_ring,
          hellmonk_ecumenical_altar_leap_of_faith, serial_shops,
          nicolae_shop_stone
D:2:      layout_loops_ring, chequers_big_river, uniq_terence

Skill      XL: |  1 |
---------------+----+-----
Stealth        | 3 |  3.5
Spellcasting   | 1 |  1.4
Fighting       | |  2.6
Short Blades   | |  3.0
Dodging        | |  3.6

Action                   || total
-------------------------++-------
Melee: Short sword       ||    75
       Punch             ||     1
  Use: Scroll            ||     3
       Potion            ||     3
 Stab: Sleeping          ||     4
Armor: Robe              ||     5
Dodge: Dodged            ||    28

Table legend: (Time is in decaauts)
 A = Elapsed time spent in this place.
 B = Non-inter-level travel time spent in this place.
 C = Inter-level travel time spent in this place.
 D = Time resting spent in this place.
 E = Time spent auto-exploring this place.
 F = Levels seen in this place.
 G = Mean time per level.
                   A        B        C        D        E       F      G
               +--------+--------+--------+--------+--------+-----+--------+
         Total |   1574 |   1542 |     32 |      0 |   1295 |   2 |  787.0 |
       Dungeon |   1574 |   1542 |     32 |      0 |   1295 |   2 |  787.0 |
               +--------+--------+--------+--------+--------+-----+--------+

Top non-repeatable levels by time:
     D:1: 1253 daAuts
     D:2: 321 daAuts
